 Dungeon Crawl Stone Soup version 0.22.0-38-g04b72b8c25 (webtiles) character file.

2627 Jynx the Frost Mage (level 9, -2/57 HPs)
             Began as a Merfolk Ice Elementalist on Aug 30, 2018.
             Was an Initiate of Qazlal.
             Slain by an orc warrior
             ... wielding a +0 hand axe
              (16 damage)
             ... on level 7 of the Dungeon.
             The game lasted 00:17:19 (8861 turns).

Jynx the Frost Mage (Merfolk Ice Elementalist)      Turns: 8861, Time: 00:17:20

Health: -2/57      AC: 22    Str:  8    XL:     9   Next: 61%
Magic:  6/17       EV: 13    Int: 16    God:    Qazlal [......]
Gold:   316        SH:  0    Dex: 16    Spells: 15/19 levels left

rFire    + . .     SeeInvis .   j - +1 short sword (protect)
rCold    + . .     Gourm    .   (no shield)
rNeg     . . .     Faith    .   a - +0 robe
rPois    +         Spirit   .   (no helmet)
rElec    +         Reflect  .   y - +1 cloak
rCorr    +         Harm     .   v - +0 pair of gloves
MR       .....                  n - +0 pair of boots
Stlth    ++........             (no amulet)
HPRegen  0.19/turn              g - +3 ring of protection
MPRegen  0.15/turn              (no ring)

@: lethally poisoned (-2 -> -12), icy armour, resistant, protection aura
A: change form in water, swift swim, stealthy swim
a: Renounce Religion


You were on level 7 of the Dungeon.
You worshipped Qazlal.
Qazlal was noncommittal.
You were very hungry.

You visited 2 branches of the dungeon, and saw 8 of its levels.

You collected 316 gold pieces.

Inventory:

Hand Weapons
 j - a +1 short sword of protection (weapon)
Armour
 a - a +0 robe (worn)
 n - a +0 pair of boots (worn)
 v - a +0 pair of gloves (worn)
 y - a +1 cloak (worn)
Jewellery
 g - a +3 ring of protection (left hand)
 z - a cursed -3 ring of intelligence {unknown}
Wands
 s - a wand of polymorph (15)
Scrolls
 b - 2 scrolls of magic mapping
 e - 2 scrolls of remove curse
 h - 3 scrolls of amnesia
 k - 2 scrolls of teleportation
 l - a scroll of random uselessness {unknown}
 p - a scroll of blinking {unknown}
 q - a scroll of fog
 t - a scroll of immolation {unknown}
Potions
 d - 2 potions of might
 i - 3 potions of brilliance
 m - 2 potions of heal wounds
 o - a potion of flight {unknown}
 r - 3 potions of agility
 u - 2 potions of haste
 w - a potion of curing {unknown}
 x - a potion of degeneration {unknown}
Comestibles
 c - 15 rations


   Skills:
 * Level 9.4 Short Blades
 - Level 2.6 Dodging
 - Level 2.1 Stealth
 + Level 5.5 Spellcasting
   Level 0.7 Conjurations
 * Level 9.5 Ice Magic


You had 15 spell levels left.
You knew the following spells:

 Your Spells              Type           Power        Failure   Level  Hunger
a - Freeze                Ice            ####         1%          1    None
b - Ozocubu's Armour      Chrm/Ice       ###.....     6%          3    ###....

Your spell library contained the following spells:

 Spells                   Type           Power        Failure   Level  Hunger
 Throw Frost              Conj/Ice       ###...       2%          2    #......
 Confusing Touch          Hex            #.....       14%         1    None
 Throw Icicle             Conj/Ice       ###.....     17%         4    ####...
 Summon Ice Beast         Ice/Summ       ###.....     21%         4    ####...
 Confuse                  Hex            #.......     41%         3    ###....
 Gell's Gravitas          Tloc           #.........   41%         3    ###....
 Metabolic Englaciation   Hex/Ice        ###.......   50%         5    ######.
 Petrify                  Tmut/Erth      #.......     82%         4    ####...
 Yara's Violent Unravell  Hex/Tmut       #.........   99%         5    ######.


Dungeon Overview and Level Annotations

Branches:
Dungeon (7/15)             Temple (1/1) D:5

Altars:
Cheibriados
Dithmenos
Elyvilon
Fedhas
Gozag
Hepliaklqana
Kikubaaqudgha
Makhleb
Nemelex Xobeh
Okawaru
Qazlal
Ru
Sif Muna
Trog
Uskayaw
Vehumet
Wu Jian
Xom
Yredelemnul
The Shining One


Message History

You feel sick.
Okay, then.
Casting: Freeze (safe; 1% risk of failure)
Confirm with . or Enter, or press ? or * to list all spells.
Your icy armour thickens.
You feel sick. The orc warrior barely misses you.
You hit the orc warrior but do no damage.
You feel sick.
The orc warrior hits you but does no damage.
You hit the orc warrior.
The orc warrior is lightly wounded.
You hit the orc warrior.
The orc warrior is lightly wounded.
You feel sick.
The orc warrior hits you with a hand axe.
* * * LOW HITPOINT WARNING * * *
You barely miss the orc warrior.
The orc warrior is lightly wounded.
You feel sick.
The orc warrior hits you with a hand axe!
You die...

#............# ..# # #.#...
#<###...###### #.# ##.#.#...
#.# ##### #.. ......... #.#
#.# #...†. #.# #.# ##.###$..
#.# #.# ...o..o.. #.# #.#
##[###... #.##############.#
#.(..... #............@o{o#
#####...
################.#########....
#(.o.o))..oo...
###############


You could see an orc warrior and an orc.

Vanquished Creatures
  Grinder (D:6)
  A yak (D:5)
  2 orc warriors
  3 sky beasts
  2 phantoms
  6 ogres
  A centaur (D:5)
  A bullfrog (D:2)
  A wyvern zombie (D:6)
  A scorpion (D:4)
  6 howler monkeys
  2 crimson imps
  3 hounds
  A jelly (D:6)
  4 orc wizards
  4 worker ants
  A killer bee zombie (D:6)
  A hound skeleton (D:5)
  8 adders
  A shadow imp (D:5)
  An ooze (D:3)
  An adder skeleton (D:4)
  A worm (D:5)
  3 dart slugs
  7 leopard geckos
  20 orcs
  3 ball pythons
  6 giant cockroaches
  6 goblins
  9 hobgoblins
  16 jackals
  2 quokkas
  11 bats
  4 frilled lizards
  9 kobolds
  A leopard gecko skeleton (D:6)
  A leopard gecko zombie (D:5)
  2 rats
153 creatures vanquished.

Notes
Turn   | Place    | Note
-------+----------+-------------------------------------------
     0 | D:1      | Jynx the Merfolk Ice Elementalist began the quest for the Orb.
     0 | D:1      | Reached XP level 1. HP: 13/13 MP: 3/3
   301 | D:1      | Reached XP level 2. HP: 5/19 MP: 0/5
   943 | D:1      | Reached XP level 3. HP: 16/24 MP: 3/6
  1088 | D:1      | Reached skill level 1 in Short Blades
  1788 | D:2      | Reached XP level 4. HP: 30/30 MP: 7/7
  2197 | D:2      | Noticed a bullfrog
  2214 | D:2      | Killed a bullfrog
  2214 | D:2      | Reached XP level 5. HP: 9/35 MP: 7/9
  2219 | D:2      | Learned a level 3 spell: Ozocubu's Armour
  2462 | D:3      | Found a glowing golden altar of the Shining One.
  2516 | D:3      | Found a radiant altar of Vehumet.
  2543 | D:3      | Reached skill level 5 in Ice Magic
  3554 | D:3      | Reached XP level 6. HP: 37/41 MP: 8/10
  4251 | D:4      | Found a deep blue altar of Sif Muna.
  4310 | D:4      | Found an opulent altar of Gozag.
  4345 | D:4      | Found an iron altar of Okawaru.
  4414 | D:4      | Reached XP level 7. HP: 24/46 MP: 8/12
  4587 | D:4      | Reached skill level 5 in Short Blades
  5235 | D:5      | Entered Level 5 of the Dungeon
  5325 | D:5      | Found a shadowy altar of Dithmenos.
  5429 | D:5      | Reached XP level 8. HP: 27/52 MP: 6/14
  5935 | D:5      | Found an ornate altar of the Wu Jian Council.
  5978 | D:5      | Found a glowing drain.
  6477 | D:5      | Found a staircase to the Ecumenical Temple.
  6494 | Temple   | Entered the Ecumenical Temple
  6635 | Temple   | Became a worshipper of Ru the Awakened
  6672 | D:5      | Noticed a yak
  6678 | D:5      | Killed a yak
  7015 | D:6      | Noticed Grinder
  7058 | D:6      | Killed Grinder
  7058 | D:6      | Reached skill level 5 in Spellcasting
  7058 | D:6      | Reached XP level 9. HP: 30/57 MP: 3/16
  7170 | D:6      | Found a hide-covered altar of Uskayaw.
  7172 | D:6      | Found a burning altar of Makhleb.
  7172 | D:6      | Found a blossoming altar of Fedhas.
  8333 | D:7      | Found a stormy altar of Qazlal.
  8339 | D:7      | Fell from the grace of Ru
  8339 | D:7      | Became a worshipper of Qazlal Stormbringer
  8861 | D:7      | Slain by an orc warrior

Skill      XL: |  1  2  3  4  5  6  7  8  9 |
---------------+----------------------------+-----
Ice Magic      | 4 5 6 7 8 9 |  9.5
Short Blades   | 1 2 3 4 6 8 9 |  9.4
Spellcasting   | 3 4 5 |  5.5
Dodging        | |  2.6
Stealth        | |  2.1
Conjurations   | |  0.7

Action                   |  1- 3 |  4- 6 |  7- 9 || total
-------------------------+-------+-------+-------++-------
Melee: Unarmed           |    26 |       |       ||    26
       Short sword       |    56 |   149 |   327 ||   532
 Cast: Freeze            |    43 |    48 |   109 ||   200
       Ozocubu's Armour  |       |     2 |    27 ||    29
  Use: Scroll            |     1 |     5 |     6 ||    12
       Potion            |       |       |     1 ||     1
 Stab: Sleeping          |     5 |     1 |     5 ||    11
       Distracted        |       |       |     1 ||     1
  Eat: Chunk             |     3 |     8 |    13 ||    24
       Ration            |       |       |     1 ||     1
Armor: Robe              |    27 |    94 |   122 ||   243
Dodge: Dodged            |    79 |   173 |   191 ||   443
